Map: Deathaura LE

Players

Friend - Winner!

  • Race: Protoss Protoss
  • Spawn Location: 11:00

Shaladdle

  • Race: Zerg Zerg
  • Spawn Location: 5:00

VOD

Have the link to the VOD?

Description

Time

  • Played on: Aug. 29, 2020, 8:16 p.m.
  • Length: 7:03
Show
View Real Time Build Order
Export as new Build Order

Friend Protoss - Winner!

Build Orders:  

Get SALT Encoding   

  12  0:00  Probe  
  13  0:12  Probe  
  14  0:18  Pylon  
  14  0:24  Probe  
  15  0:32  Assimilator  
  15  0:36  Probe  
  16  0:45  Gateway  
  16  0:49  Probe  
  17  1:01  Probe  
  18  1:13  Gateway  
  18  1:21  Gateway  
  18  1:23  Pylon  
  18  1:24  Probe  
  19  1:35  Cybernetics Core  
  19  1:41  Zealot (Chrono Boost)  
  19  1:46  Assimilator  
  21  1:49  Probe  
  22  2:02  Zealot (Chrono Boost)  
  22  2:04  Zealot (Chrono Boost)  
  26  2:09  Zealot  
  20  2:15  Warp Gate (Chrono Boost)  
  28  2:17  Pylon  
  28  2:23  Probe  
  29  2:33  Zealot  
  29  2:35  Zealot  
  33  2:44  Zealot  
  35  2:57  Twilight Council  
  35  3:04  Forge  
  35  3:07  Pylon  
  35  3:13  Zealot  
  37  3:22  Stalker  
  39  3:31  Zealot  
  39  3:34  Charge (Chrono Boost)  
  41  3:40  Protoss Ground Weapons Level 1 (Chrono Boost)  
  41  3:55  Gateway  
  41  3:57  Probe  
  42  4:06  Zealot  
  44  4:10  Probe  
  45  4:18  Stalker  
  47  4:27  Pylon  
  47  4:50  Zealot  
  47  4:51  Zealot x2  
  53  5:07  Pylon, Zealot  
  54  5:18  Probe  
  55  5:29  Zealot  
  55  5:30  Zealot  
  55  5:31  Stalker x2  
  57  6:14  Stalker x2  
  57  6:15  Stalker  
  59  6:19  Zealot  
  55  6:51  Zealot  
  55  6:52  Zealot  
  55  6:54  Zealot x2  
Show
View Real Time Build Order
Export as new Build Order

Shaladdle Zerg 

Build Orders: Pool First 

Get SALT Encoding   

  12  0:00  Drone  
  13  0:08  Drone  
  14  0:26  Spawning Pool  
  13  0:30  Drone  
  13  0:32  Extractor  
  14  0:35  Drone  
  14  1:13  Overlord  
  14  1:22  Spawning Pool, Zergling x2  
  15  1:32  Zergling x4  
  17  1:33  Queen  
  17  1:36  Metabolic Boost  
  19  1:42  Zergling x2  
  20  1:56  Zergling x2  
  20  1:57  Zergling x2  
  22  2:19  Overlord  
  20  2:39  Zergling x4  
  20  2:40  Zergling x2  
  22  2:48  Zergling x4  
  22  2:49  Zergling x2  
  25  3:10  Roach Warren  
  24  3:17  Zergling x2, Drone  
  26  3:31  Hatchery  
  25  3:42  Drone x3  
  28  3:57  Overlord  
  28  4:25  Roach x4  
  31  5:00  Zergling x6  
  31  5:01  Zergling x2  
  31  5:06  Spine Crawler  
  29  5:19  Roach x4  
  37  5:26  Overlord  
  37  5:27  Drone  
  38  5:28  Drone  
  39  5:47  Roach  
  39  5:48  Roach  
  39  5:57  Spine Crawler  
  36  6:08  Roach x2  
  27  6:31  Roach  
  27  6:32  Roach x2  
  27  6:33  Zergling x2  
Tags
 
Matchup
PvZ
Opening
Pool First
Spawn Locations
Cross Positions
Add a new tag
Caveats
  • Supply blocks, unpowered buildings, or Contaminate may cause inaccurate times.
  • Supply counts are checked every 10 seconds.